 Dungeon Crawl Stone Soup version 0.30-a0-728-gc68057be0a (webtiles) character file.

Game seed: 10497737936478314369

22766 NinjaNoafa the Severer (level 13, -10/105 HPs)
             Began as a Hill Orc Fighter on Jan 30, 2023.
             Was a High Priest of Fedhas.
             Killed from afar by a hellion (23 damage)
             ... with damnation
             ... in a Gauntlet on Jan 31, 2023.
             The game lasted 00:51:29 (12402 turns).

NinjaNoafa the Severer (Hill Orc Fighter)          Turns: 12402, Time: 00:51:30

Health: -10/105    AC: 22    Str: 22    XL:     13   Next: 2%
Magic:  22/22      EV: 13    Int: 12    God:    Fedhas [*****.]
Gold:   784        SH: 17    Dex: 21    Spells: 12/12 levels left

rFire   + . .      SeeInvis .    a - +1 broad axe (flame)
rCold   . . .      Faith    .    G - +0 kite shield
rNeg    . . .      Spirit   .    I - +5 ring mail of the Forest {Dex+7}
rPois   .          Reflect  +    s - +0 helmet
rElec   .          Harm     .    k - +2 cloak
rCorr   +          Rampage  .    J - +2 pair of gloves
Will    +....      NoTele   +    F - +2 pair of boots
Stlth   +                        p - amulet of reflection
HPRegen 0.37/turn                K - ring "Mujyap" {rF+ Will+ rCorr Str-4 Int+4}
MPRegen 0.18/turn                m - +6 ring of strength

@: no status effects
A: no striking features
a: Renounce Religion, Wall of Briars, Grow Ballistomycete, Overgrow, Grow Oklob


You were in a Gauntlet.
You worshipped Fedhas.
Fedhas was extremely pleased with you.
You visited 3 branches of the dungeon, and saw 13 of its levels.
You also visited: Gauntlet and Ice Cave.

You collected 784 gold pieces.

Inventory:

Hand Weapons
 a - a +1 broad axe of flaming (weapon)
Missiles
 g - 25 poisoned darts
 n - 6 curare-tipped darts (quivered)
 x - 4 javelins
 L - 2 atropa-tipped darts
Armour
 k - a +2 cloak (worn)
 s - a +0 helmet (worn)
 F - a +2 pair of boots (worn)
 G - a +0 kite shield (worn)
 I - the +5 ring mail of the Forest (worn) {Dex+7}
   (You took it off an orc on level 10 of the Dungeon)

   Dex:       It affects your dexterity (+7).
 J - a +2 pair of gloves (worn)
Jewellery
 m - a +6 ring of strength (right hand)
 p - an amulet of reflection (around neck)
 w - a +4 ring of protection
 C - a ring of willpower
 K - the ring "Mujyap" (left hand) {rF+ Will+ rCorr Str-4 Int+4}
   (You found it in a Gauntlet)

   [ring of resist corrosion]

   Str:       It affects your strength (-4).
   Int:       It affects your intelligence (+4).
   rF:        It protects you from fire.
   rCorr:     It protects you from acid and corrosion.
   Will:      It increases your willpower.
Wands
 z - a wand of iceblast (5)
 E - a wand of charming (7)
 H - a wand of flame (34)
Scrolls
 b - a scroll of poison
 f - 3 scrolls of enchant weapon {unknown}
 h - a scroll of torment
 i - a scroll of identify
 j - 4 scrolls of fog
 r - a scroll of vulnerability
 u - 4 scrolls of teleportation
 v - 2 scrolls of magic mapping {unknown}
 y - 2 scrolls of immolation {unknown}
 A - a scroll of noise
Potions
 c - a potion of lignification {unknown}
 d - 2 potions of might
 e - 3 potions of mutation
 l - a potion of resistance
 o - 2 potions of degeneration
 q - 2 potions of curing
 t - 3 potions of flight
 B - 4 potions of ambrosia
 D - a potion of attraction


   Skills:
 - Level 7.3 Fighting
 - Level 16.0 Axes
 - Level 4.0 Throwing
 - Level 7.0 Armour
 - Level 6.0 Dodging
 + Level 9.2 Shields
 + Level 13.1 Invocations
 - Level 4.0 Evocations


You had 12 spell levels left.
You didn't know any spells.
Your spell library contained the following spells:

 Spells                   Type           Power      Damage    Failure   Level
 Freeze                   Ice            0%         1d3       75%         1
 Magic Dart               Conj           0%         1d3       75%         1
 Slow                     Hex            0%         N/A       75%         1
 Searing Ray              Conj           0%         2d4       87%         2
 Static Discharge         Conj/Air       0%         2-2/arc   87%         2
 Confusing Touch          Hex            0%         N/A       98%         3
 Frozen Ramparts          Ice            0%         1d1       98%         3
 Hailstorm                Conj/Ice       0%         3d3       98%         3
 Ozocubu's Armour         Ice            0%         N/A       98%         3
 Vampiric Draining        Necr           0%         2d6       98%         3
 Vhi's Electric Charge    Tloc/Air       0%         N/A       98%         3
 Fulminant Prism          Conj/Hex       0%         3d5       100%        4
 Arcjolt                  Conj/Air       0%         1d10      100%        5
 Lightning Bolt           Conj/Air       0%         1d11      100%        5
 Conjure Ball Lightning   Conj/Air       0%         3x3d6     100%        6
 Ozocubu's Refrigeration  Ice            0%         4d7       100%        7
 Discord                  Hex            0%         N/A       100%        8
 Disjunction              Tloc           0%         N/A       100%        8


Dungeon Overview and Level Annotations

Branches:
Dungeon (11/15)            Temple (1/1) D:5            Lair (1/5) D:8
    Orc (0/2) D:9           IceCv (visited)         Gauntlet (1/1)

Altars:
Ashenzari
Cheibriados
Dithmenos
Elyvilon
Fedhas
Gozag
Hepliaklqana
Kikubaaqudgha
Makhleb
Nemelex Xobeh
Okawaru
Qazlal
Ru
Sif Muna
Trog
Uskayaw
Vehumet
Wu Jian
Xom
Yredelemnul
Zin
The Shining One

Annotations:
Lair:1 3 runed translucent doors, superbruh's ghost, novice MiFi Gauntlet 11 transporters, 21 runed translucent doors


Message History

The hellion is heavily wounded.
You hit the hell hound. You block the hellion's attack.
You block the hell hound's attack. The hellion closely misses you.
You hit the hellion. You burn the hellion.
The hellion is severely wounded.
You slash the hell hound!
You kill the hell hound!
Fedhas accepts your kill. The hellion barely misses you.
The hellion gestures at you.
The sphere of damnation explodes!
The damnation engulfs you! The hellion gestures at you.
The sphere of damnation explodes!
The damnation engulfs you!!
The damnation engulfs the hellion.
The hellion completely resists.
You hit the hellion. You burn the hellion.
The hellion is severely wounded.
The hellion gestures at you.
The sphere of damnation explodes!
The damnation engulfs you!
The damnation engulfs the hellion.
The hellion completely resists.
Press: ? - help, v - describe, . - travel
Here: a hellion (severely wounded)
The floor.
Unknown command.
Unknown command.
You hit the hellion. You burn the hellion.
The hellion is almost dead.
The hellion gestures at you.
The sphere of damnation explodes!
The damnation engulfs you!!
* * * LOW HITPOINT WARNING * * *
The damnation engulfs the hellion.
The hellion completely resists.
You feel better. The hellion gestures at you.
The sphere of damnation explodes!
The damnation engulfs you!!
* * * LOW HITPOINT WARNING * * *
The damnation engulfs the hellion.
The hellion completely resists.
You feel better. The hellion gestures at you.
The sphere of damnation explodes!
The damnation engulfs you!!
You die...
Fedhas appreciates your contribution to the ecosystem.

##########...###########..#.8.#
...........≈.............≈#...#
..........§8§............∩#.8....
...........§§...........§≈#...##.
##########...###########..#.8.#
t..#.#...#...#2.=/©.)..#..#...#
..#...#..#...#h#...###.####.8...
.##...##$#...#.#.#...#.#©.....##
#..#.##..###.#..@###...####.8.#
....©.#.©#©#.#.#.2©###.#..#...#
#..#.##.t#.#.#.###...#.#..#≈8≈
.##...##=#.#.#...###...#..#
..#...#..#.#.#.#...#.#.#..#
...#.#...#.#.#.........#..#
##########.#############..###
≈≈≈≈8≈≈≈≈#........©#......#8#
##########.#########.....≈#


You could see a hellion.

Vanquished Creatures
  Erolcha (D:9)
  3 death yaks (IceCv)
  Sonja (D:10)
  3 sixfirhies (Gauntlet)
  2 black mambas (Lair:1)
  2 ice statues
  A cane toad (Lair:1)
  2 rime drakes (Gauntlet)
  A kobold demonologist (D:10)
  Psyche (D:10)
  Maggie (D:7)
  4 komodo dragons
  2 trolls
  8 polar bears (IceCv)
  A queen bee (D:10)
  2 centaur simulacra (D:11)
  25 yaks
  A steam dragon (D:9)
  Grum (D:10)
  Edmund (D:4)
  Menkaure (D:4)
  A hell hound (Gauntlet)
  Duvessa (D:4)
  3 water moccasins
  4 orc warriors (D:9)
  A black bear (Lair:1)
  2 ice beasts (D:7)
  An ogre (D:6)
  30 wolves
  6 centaurs
  A phantom (D:5)
  A necrophage (D:5)
  2 gnoll sergeants
  4 bullfrogs
  3 scorpions
  Dowan (D:4)
  19 killer bees
  4 howler monkeys
  2 gnoll boudas
  2 hounds
  3 jellies
  13 orc priests
  Crazy Yiuf (D:4)
  21 orc wizards
  4 iguanas
  20 gnolls
  9 adders
  A shadow imp (D:5)
  3 white imps
  5 worms
  3 dart slugs
  37 orcs
  4 ball pythons
  6 endoplasms
  6 giant cockroaches
  10 hobgoblins
  8 kobolds
  2 quokkas
  7 bats
  5 frilled lizards
  4 goblins (D:1)
  7 rats
331 creatures vanquished.

Vanquished Creatures (collateral kills)
  4 killer bees (D:9)
4 creatures vanquished.

Vanquished Creatures (others)
  A yak (D:10)
  4 fungi (D:4)
  2 plants (Lair:1)
7 creatures vanquished.

Grand Total: 342 creatures vanquished

Notes
Turn   | Place    | Note
-------+----------+-------------------------------------------
     0 | D:1      | NinjaNoafa the Hill Orc Fighter began the quest for the
                  | Orb.
     0 | D:1      | Reached XP level 1. HP: 19/19 MP: 1/1
    96 | D:1      | Reached XP level 2. HP: 27/27 MP: 2/2
   369 | D:1      | Reached XP level 3. HP: 34/34 MP: 3/3
   729 | D:2      | Reached XP level 4. HP: 41/41 MP: 4/4
   729 | D:2      | You fall into a shaft and drop 1 floor!
  1008 | D:2      | Reached skill level 1 in Throwing
  1199 | D:2      | Found a faded altar of an unknown god.
  1478 | D:2      | Reached XP level 5. HP: 47/47 MP: 5/5
  2390 | D:4      | Reached skill level 5 in Fighting
  2390 | D:4      | Reached skill level 5 in Armour
  2390 | D:4      | Reached skill level 3 in Axes
  2390 | D:4      | Reached XP level 6. HP: 17/56 MP: 6/6
  2669 | D:4      | Noticed Duvessa
  2670 | D:4      | Noticed Dowan
  2684 | D:4      | Killed Duvessa
  2685 | D:4      | Reached skill level 4 in Axes
  2693 | D:4      | Killed Dowan
  2694 | D:4      | Reached skill level 5 in Axes
  2726 | D:4      | Found a runed translucent door.
  2727 | D:4      | Noticed Crazy Yiuf
  2758 | D:4      | Noticed Menkaure
  2947 | D:5      | Entered Level 5 of the Dungeon
  3045 | D:4      | Reached XP level 7. HP: 58/61 MP: 7/7
  3119 | D:5      | Reached skill level 6 in Axes
  3371 | D:4      | Noticed Edmund
  3375 | D:4      | Found an opulent altar of Gozag.
  3385 | D:4      | Killed Edmund
  3386 | D:4      | Reached skill level 7 in Axes
  3621 | D:4      | Reached skill level 8 in Axes
  4026 | D:4      | Reached skill level 9 in Axes
  4026 | D:4      | Reached XP level 8. HP: 41/68 MP: 8/8
  4251 | D:5      | Found a staircase to the Ecumenical Temple.
  4260 | Temple   | Entered the Ecumenical Temple
  4447 | Temple   | Became a worshipper of Fedhas Madash
  4467 | D:5      | Reached skill level 10 in Axes
  4940 | D:6      | Reached skill level 11 in Axes
  5124 | D:6      | Found a white marble altar of Elyvilon.
  5139 | D:6      | Reached skill level 12 in Axes
  5467 | D:7      | Noticed Maggie
  5479 | D:7      | Killed Maggie
  5480 | D:7      | Reached skill level 13 in Axes
  5480 | D:7      | Reached XP level 9. HP: 63/74 MP: 9/9
  5701 | D:7      | Reached * piety under Fedhas
  5864 | D:7      | Identified the +1 ring mail of Intuition {rN+}
  6428 | D:8      | Reached skill level 14 in Axes
  6443 | D:8      | Reached skill level 15 in Axes
  6443 | D:8      | Reached XP level 10. HP: 60/81 MP: 10/10
  6523 | D:8      | Reached ** piety under Fedhas
  6607 | D:8      | Identified the +1 ring mail of the Baker {-Cast Contam
                  | Str+6}
  6733 | D:8      | Reached skill level 5 in Shields
  6733 | D:8      | Reached skill level 1 in Invocations
  6850 | D:8      | Found a staircase to the Lair.
  7120 | D:9      | Found a sparkling altar of Nemelex Xobeh.
  7221 | D:9      | Reached skill level 1 in Dodging
  7290 | D:9      | Noticed Erolcha
  7324 | D:9      | Killed Erolcha
  7325 | D:9      | Reached skill level 5 in Invocations
  7489 | D:9      | Reached *** piety under Fedhas
  8066 | D:9      | Found a staircase to the Orcish Mines.
  8200 | D:10     | Entered Level 10 of the Dungeon
  8260 | D:10     | Noticed Sonja
  8275 | D:10     | Killed Sonja
  8484 | D:10     | Noticed Grum
  8500 | D:10     | Killed Grum
  8533 | D:10     | Found an iron altar of Okawaru.
  8584 | D:10     | Reached XP level 11. HP: 73/88 MP: 16/16
  8688 | D:10     | Reached **** piety under Fedhas
  8896 | D:10     | Identified the +5 ring mail of the Forest {Dex+7}
  8912 | D:10     | Noticed Psyche
  8925 | D:10     | Killed Psyche
  9606 | D:11     | Identified the +1 leather armour of Divine Contentment
                  | {rPois rF- rC+ Str+6}
  9645 | D:11     | Found a frozen archway.
  9683 | IceCv    | Entered an ice cave
  9710 | IceCv    | Reached skill level 10 in Invocations
  9974 | IceCv    | Reached ***** piety under Fedhas
 10112 | IceCv    | Reached XP level 12. HP: 75/100 MP: 20/20
 10150 | IceCv    | Reached skill level 1 in Evocations
 10235 | IceCv    | Noticed a death yak
 10236 | IceCv    | Noticed a death yak
 10236 | IceCv    | Noticed a death yak
 10254 | IceCv    | Killed a death yak
 10255 | IceCv    | Reached skill level 5 in Dodging
 10260 | IceCv    | Killed a death yak
 10264 | IceCv    | Killed a death yak
 10515 | IceCv    | Noticed an ironbound frostheart
 10515 | IceCv    | Noticed a death yak
 10515 | IceCv    | Noticed a death yak
 10515 | IceCv    | Noticed an ironbound frostheart
 11085 | D:4      | Killed Crazy Yiuf
 11118 | D:4      | Killed Menkaure
 11252 | Lair:1   | Entered Level 1 of the Lair of Beasts
 11366 | Lair:1   | Noticed a death yak
 11366 | Lair:1   | Noticed a death yak
 11378 | Lair:1   | Found a runed translucent gate.
 11379 | Lair:1   | Found a runed translucent gate.
 11380 | Lair:1   | Found a runed translucent gate.
 11380 | Lair:1   | Noticed superbruh's ghost (novice MiFi)
 11516 | Lair:1   | Noticed a death yak
 11535 | Lair:1   | Noticed a death yak
 11567 | Lair:1   | Found a gate leading to a gauntlet.
 11575 | Gauntlet | Entered a Gauntlet
 11575 | Gauntlet | Found a transporter.
 11575 | Gauntlet | Found a transporter.
 11662 | Gauntlet | Found a transporter.
 11662 | Gauntlet | Found a transporter.
 11670 | Gauntlet | Noticed a catoblepas
 11671 | Gauntlet | Found a transporter.
 11689 | Gauntlet | Noticed a ghost crab
 11696 | Gauntlet | Found a large runed translucent door.
 11696 | Gauntlet | Found a transporter.
 11697 | Gauntlet | Found a large runed translucent door.
 11697 | Gauntlet | Noticed a thrashing horror
 11698 | Gauntlet | Found a large runed translucent door.
 11698 | Gauntlet | Found a large runed translucent door.
 11699 | Gauntlet | Found a runed translucent gate.
 11699 | Gauntlet | Found a large runed translucent door.
 11699 | Gauntlet | Found a large runed translucent door.
 11699 | Gauntlet | Found a runed translucent door.
 11700 | Gauntlet | Found a transporter.
 11700 | Gauntlet | Found a runed translucent gate.
 11700 | Gauntlet | Found a transporter.
 11700 | Gauntlet | Found a large runed translucent door.
 11701 | Gauntlet | Found a runed translucent gate.
 11701 | Gauntlet | Found a runed translucent door.
 11701 | Gauntlet | Found a large runed translucent door.
 11703 | Gauntlet | Found a transporter.
 11708 | Gauntlet | Found a large runed translucent door.
 11708 | Gauntlet | Found a large runed translucent door.
 11709 | Gauntlet | Found a large runed translucent door.
 11710 | Gauntlet | Found a large runed translucent door.
 11719 | Gauntlet | Found a large runed translucent door.
 11719 | Gauntlet | Found a large runed translucent door.
 11730 | Gauntlet | Found a transporter.
 11737 | Gauntlet | Found a transporter.
 11755 | Gauntlet | Found a transporter.
 11801 | Gauntlet | Found a transporter.
 11819 | Gauntlet | Found a transporter.
 11919 | Gauntlet | Found a transporter.
 11935 | Gauntlet | Found a transporter.
 11950 | Gauntlet | Found a large runed translucent door.
 11950 | Gauntlet | Found a large runed translucent door.
 12210 | Gauntlet | Reached skill level 16 in Axes
 12222 | Gauntlet | Reached XP level 13. HP: 60/105 MP: 22/22
 12361 | Gauntlet | Identified the ring "Mujyap" {rF+ Will+ rCorr Str-4 Int+4}
 12402 | Gauntlet | Killed from afar by a hellion

Illustrated notes

Levels and vault maps discovered:
D:1:      dpeg_arrival_rooms_b, layout_rooms
D:2:      layout_basic, basic_ecumenical_altar
D:3:      layout_basic
D:4:      layout_loops_ring, lemuel_coloured_pillars_altar, uniq_menkaure,
          uniq_crazy_yiuf_cottage, uniq_duvessa, uniq_edmund
D:5:      layout_cave_pools, temple_statues, nicolae_nh_ransacked_shop
D:6:      wander_river, layout_cave_pools, old_standard_altar,
          serial_column_ruins, column_ruins_grid_1, column_ruins_open_large,
          column_ruins_open_tiny, column_ruins_grid_1,
          column_ruins_columns_straight, column_ruins_open_tiny,
          column_ruins_grid_1
D:7:      layout_basic, minmay_a_box_with_orc_wizards_in_it, uniq_maggie
D:8:      layout_rooms, lair_entry_dummy
D:9:      layout_loops_corners, nemelex_xobeh_ov_fountains_minmay, orc_0_dummy,
          minmay_misc_feat_doors, uniq_erolcha
D:10:     layout_long_grid, mainiacjoe_overflow_concentric_impassable,
          nicolae_wwwww, minivault_7, uniq_sonja, uniq_psyche, uniq_grum
D:11:     layout_rooms, serial_ice, serial_ice_c, serial_ice_o, serial_ice_d,
          serial_ice_a, portal_ice_cave_entry_pillars_1
Temple:   eino_narrow_crystal_temple
Lair:1:   layout_roguey, gauntlet_entry_generic, gammafunk_ghost_ooze,
          basic_altar, nicolae_volcano_entry_vermiform, serial_bayou_shore_a,
          grunt_megastairs_5, serial_bayou_shore_b, lemuel_fruit_fields,
          infiniplex_staircase_pool_2
Gauntlet: gammafunk_gauntlet_branching [nicolae_gauntlet_arena_quarters,
          nicolae_gauntlet_arena_flowing_pool, gammafunk_gauntlet_arena_crates,
          gammafunk_gauntlet_arena_chambers, gammafunk_gauntlet_arena_split_x,
          gammafunk_gauntlet_arena_teeth, nicolae_gauntlet_arena_grate_2,
          minmay_gauntlet_arena_make_your_own_arena, gauntlet_exit_hidden_loot]

Skill      XL: |  1  2  3  4  5  6  7  8  9 10 11 12 |
---------------+-------------------------------------+-----
Fighting       | 4 5 7 |  7.3
Armour         | 4 5 6 7 |  7.0
Throwing       | 2 3 4 |  4.0
Axes           | 3 5 9 13 15 16 | 16.0
Shields        | 7 8 9 |  9.2
Invocations    | 7 10 13 | 13.1
Dodging        | 3 4 6 |  6.0
Evocations     | 4 |  4.0

Action                     |  1- 3 |  4- 6 |  7- 9 | 10-12 | 13-15 || total
---------------------------+-------+-------+-------+-------+-------++-------
  Melee: War axe           |   117 |   218 |   197 |       |       ||   532
         Broad axe         |       |       |    81 |   559 |     9 ||   649
         Unarmed           |       |       |       |     5 |       ||     5
  Throw: Javelin           |       |     5 |     5 |    15 |       ||    25
         Dart              |       |       |    13 |    17 |       ||    30
 Invoke: Wall of Briars    |       |       |       |     1 |       ||     1
    Use: Scroll            |       |     1 |     1 |    18 |       ||    20
         Potion            |       |       |     1 |     7 |     2 ||    10
 Armour: Scale mail        |    72 |   101 |       |       |       ||   173
         Plate armour      |       |       |   149 |   151 |       ||   300
         Ring mail         |       |       |       |   175 |     2 ||   177
         Chain mail        |       |       |       |    15 |       ||    15
  Dodge: Dodged            |    74 |   101 |    48 |   234 |     6 ||   463
  Block: Buckler           |    26 |    94 |   158 |       |       ||   278
         Reflection        |       |     1 |     7 |    17 |       ||    25
         Kite shield       |       |       |     7 |   596 |     7 ||   610
         Other             |       |       |       |     2 |       ||     2

Table legend: (Time is in decaauts)
 A = Elapsed time spent in this place.
 B = Non-inter-level travel time spent in this place.
 C = Inter-level travel time spent in this place.
 D = Time resting spent in this place.
 E = Time spent auto-exploring this place.
 F = Levels seen in this place.
 G = Mean time per level.
                   A        B        C        D        E       F      G
               +--------+--------+--------+--------+--------+-----+--------+
         Total |  12586 |  11839 |    747 |     92 |   8451 |  15 |  839.1 |
       Dungeon |  10389 |   9666 |    723 |     92 |   7141 |  11 |  944.5 |
        Temple |    193 |    173 |     20 |      0 |    162 |   1 |  193.0 |
          Lair |    325 |    321 |      4 |      0 |      0 |   1 |  325.0 |
      Ice Cave |    857 |    857 |      0 |      0 |    524 |   1 |  857.0 |
      Gauntlet |    819 |    819 |      0 |      0 |    624 |   1 |  819.0 |
               +--------+--------+--------+--------+--------+-----+--------+

Top non-repeatable levels by time:
     D:4: 1868 daAuts
    D:10: 1548 daAuts
     D:9: 1202 daAuts
     D:7: 1045 daAuts
     D:3: 1037 daAuts
     D:5: 865 daAuts
   IceCv: 857 daAuts
Gauntlet: 819 daAuts
     D:8: 776 daAuts
     D:2: 736 daAuts
     D:1: 655 daAuts
     D:6: 538 daAuts
  Lair:1: 325 daAuts
  Temple: 193 daAuts
    D:11: 116 daAuts
